 Dungeon Crawl Stone Soup version 0.20.1-1-g8b1a95d (webtiles) character file.

53 slep the Skirmisher (level 4, -2/37 HPs)
             Began as a Formicid Abyssal Knight on Oct 31, 2017.
             Was a Follower of Lugonu.
             Slain by Tojoblerone's ghost (9 damage)
             ... on level 3 of the Dungeon.
             The game lasted 00:12:32 (2593 turns).

slep the Skirmisher (Formicid Abyssal Knight)       Turns: 2593, Time: 00:12:33

Health: -2/37      AC:  3    Str: 14 (16) XL:     4   Next: 10%
Magic:  5/5        EV: 11    Int: 11 (12) God:    Lugonu [*.....]
Gold:   80         SH:  0    Dex: 10 (11) Spells: 3/3 levels left

rFire    . . .     SeeInvis +   a - +2 falchion
rCold    . . .     Gourm    .   (no shield)
rNeg     . . .     Faith    .   b - +0 leather armour
rPois    .         Spirit   .   (helmet unavailable)
rElec    .         Reflect  .   (no cloak)
rCorr    .         Harm     .   (no gloves)
MR       .....                  (no boots)
Stlth    +.........             (no amulet)
Regen    0.2/turn               (no ring)
MPRegen  0.1/turn               (no ring)

@: no status effects
A: permanent stasis, dig shafts and tunnels, four strong arms, antennae 3
a: Dig, Shaft Self, Depart the Abyss, Renounce Religion


You were on level 3 of the Dungeon.
You worshipped Lugonu.
Lugonu was aware of your devotion.
You were not hungry.

You visited 1 branch of the dungeon, and saw 3 of its levels.
You visited the Abyss 1 time.

You collected 80 gold pieces.

Inventory:

Hand Weapons
 a - a +2 falchion (weapon)
 e - a +0 short sword
Armour
 b - a +0 leather armour (worn)
Scrolls
 i - 2 scrolls of teleportation
Comestibles
 c - a bread ration
 f - a meat ration
 p - 2 royal jellies


   Skills:
 + Level 4.0 Fighting
 + Level 2.6 Long Blades
 + Level 2.5 Armour
 + Level 1.3 Dodging
 + Level 0.3 Stealth
 + Level 2.4 Invocations


You had 3 spell levels left.
You didn't know any spells.

Dungeon Overview and Level Annotations

Branches:
Dungeon (3/15)

Altars:

Annotations:
D:3 Tojoblerone's ghost, weakling FeBe


Innate Abilities, Weirdness & Mutations

You cannot be hasted, slowed, berserked, paralysed or teleported.
You can dig through walls and to a lower floor.
Your four strong arms can wield two-handed weapons with a shield.
You have a pair of large antennae on your head. (SInv)


Message History

You closely miss Tojoblerone's ghost. Tojoblerone's ghost hits you.
You closely miss Tojoblerone's ghost.
The hobgoblin shouts!
Tojoblerone's ghost closely misses you.
You hit Tojoblerone's ghost.
Tojoblerone's ghost is moderately damaged.
Tojoblerone's ghost barely misses you.
You miss Tojoblerone's ghost.
Tojoblerone's ghost is moderately damaged.
Tojoblerone's ghost hits you! Tojoblerone's ghost hits you.
* * * LOW HITPOINT WARNING * * *
You closely miss the hobgoblin. The hobgoblin hits you.
* * * LOW HITPOINT WARNING * * *
The hobgoblin hits you but does no damage.
You hit the hobgoblin.
You kill the hobgoblin!
Lugonu accepts your kill. Tojoblerone's ghost hits you!
You die...

#.#.######.#.##)#.
#.....##.....g....
#.. #.#..#..##...#
#.###...##..###.h#
##.#.K..###..# #.{#
#.<..##.# #...##...
#.K####.....#.##.##
##W# ###.{...#..#
#@# ......... #.#
..##... #.# ...#
#.# #.# # #.# #.#
#.# #.#


You could see Tojoblerone's ghost and a kobold.

Vanquished Creatures
  2 dart slugs (D:1)
  A leopard gecko (D:2)
  2 ball pythons
  2 giant cockroaches
  9 goblins
  4 hobgoblins
  3 jackals (D:2)
  6 bats
  5 frilled lizards
  7 kobolds
  5 rats
  2 plants (D:1)
48 creatures vanquished.

Notes
Turn   | Place    | Note
-------+----------+-------------------------------------------
     0 | Abyss:1  | slep the Formicid Abyssal Knight began the quest for the Orb.
     0 | Abyss:1  | Reached XP level 1. HP: 18/18 MP: 2/2
     9 | Abyss:1  | Found a viscous altar of Jiyva.
    69 | Abyss:1  | Found a viscous altar of Jiyva.
   106 | Abyss:1  | Noticed a quasit
   115 | D:1      | Escaped the Abyss
   505 | D:1      | Reached XP level 2. HP: 7/24 MP: 3/3
   556 | D:1      | Reached * piety under Lugonu
   621 | D:1      | Reached skill level 1 in Dodging
   870 | D:1      | Reached XP level 3. HP: 25/30 MP: 4/4
  1962 | D:2      | Reached skill level 4 in Fighting
  2307 | D:3      | Reached XP level 4. HP: 37/37 MP: 5/5
  2324 | D:3      | Noticed Tojoblerone's ghost (weakling FeBe)
  2593 | D:3      | Slain by Tojoblerone's ghost

Skill      XL: |  1  2  3 |
---------------+----------+-----
Dodging        | 1 |  1.3
Fighting       | 4 |  4.0
Long Blades    | |  2.6
Armour         | |  2.5
Stealth        | |  0.3
Invocations    | |  2.4

Action                   |  1- 3 |  4- 6 || total
-------------------------+-------+-------++-------
Melee: Falchion          |   247 |    13 ||   260
       Short sword       |       |     1 ||     1
Invok: Depart the Abyss  |     1 |       ||     1
  Use: Scroll            |       |     6 ||     6
       Potion            |       |     5 ||     5
 Stab: Sleeping          |     1 |       ||     1
  Eat: Chunk             |     5 |     1 ||     6
Armor: Leather armour    |    45 |     3 ||    48
Dodge: Dodged            |    79 |    11 ||    90
       Rpst.: Falchion   |    23 |     2 ||    25
